 Dungeon Crawl Stone Soup version 0.26-a0-1060-g086102a3f0 (webtiles) character file.

Game seed: 12987084420403068761

20491 dolemite99 the Basher (level 12, -1/93 HPs)
             Began as a Demonspawn Fighter on Dec 13, 2020.
             Was the Champion of Makhleb.
             Slain by a large abomination (19 damage)
             ... on level 1 of the Abyss.
             The game lasted 00:20:41 (18210 turns).

dolemite99 the Basher (Demonspawn Fighter)         Turns: 18210, Time: 00:20:42

Health: -1/93      AC: 21    Str: 22    XL:     12   Next: 45%
Magic:  0/15       EV:  7    Int: 10    God:    Makhleb [******]
Gold:   155        SH:  0    Dex: 12    Spells: 11/11 levels left

rFire    . . .     SeeInvis .   a - +2 dire flail (drain)
rCold    . . .     Faith    +   (shield currently unavailable)
rNeg     . . .     Spirit   +   I - +0 plate armour
rPois    .         Reflect  .   (helmet restricted)
rElec    .         Harm     .   n - +2 cloak
rCorr    .         Rampage  .   t - +2 pair of gloves
Will     .....                  (no boots)
Stlth    ..........             J - amulet of faith
HPRegen  0.00/turn              (no ring)
MPRegen  0.28/turn              (no ring)

@: very slightly contaminated, non-regenerating, diseased, invisible
A: claws 1, horns 2, talons 2, magic shield, magic regeneration
a: Minor Destruction, Lesser Servant of Makhleb, Major Destruction, Greater
Servant of Makhleb, Renounce Religion


You were on level 1 of the Abyss.
You worshipped Makhleb.
Makhleb was exalted by your worship.
You visited 2 branches of the dungeon, and saw 12 of its levels.
You visited the Abyss 1 time.

You collected 880 gold pieces.
You spent 725 gold pieces at shops.

Inventory:

Hand Weapons
 a - a +2 dire flail of draining (weapon)
 b - a +2 shortbow of flaming
 v - a +2 flail of protection
 M - a +0 hunting sling
 Z - a +5 antimagic battleaxe
Missiles
 h - 57 poisoned darts (quivered)
 i - 127 arrows
 k - 61 bolts
 A - 192 stones
 B - 86 sling bullets
Armour
 c - a +0 kite shield
 n - a +2 cloak (worn)
 t - a +2 pair of gloves (worn)
 I - a +0 plate armour (worn)
 K - the +0 chain mail of Death's Door {rElec SInv}
   (You found it on level 7 of the Dungeon)

   It insulates you from electricity.
   It lets you see invisible.
Magical Staves
 R - a cursed staff of cold {unknown}
Jewellery
 o - an uncursed ring of poison resistance
 C - an uncursed ring of stealth
 D - an uncursed ring of willpower
 J - an amulet of faith (around neck)
 U - a cursed amulet of inaccuracy
Wands
 e - a wand of flame (21)
 u - a wand of polymorph (3)
 y - a wand of disintegration (7)
 O - a wand of paralysis (12)
 Q - a wand of digging (5)
 S - a wand of random effects (36)
 V - a wand of iceblast (19)
 W - a wand of enslavement (7)
Scrolls
 d - a scroll of magic mapping
 g - 4 scrolls of immolation
 j - 6 scrolls of remove curse {@r2}
 q - 4 scrolls of enchant armour
 w - 4 scrolls of teleportation
 F - a scroll of fog
Potions
 l - 2 potions of lignification
 m - 2 potions of cancellation
 p - 5 potions of magic
 s - 4 potions of attraction
 x - a potion of invisibility
 z - a potion of might
 E - 2 potions of ambrosia
 H - a potion of resistance
 L - 5 potions of curing
 T - a potion of berserk rage
 Y - a potion of flight


   Skills:
 - Level 8.3 Fighting
 - Level 11.8 Maces & Flails
 - Level 6.6 Bows
 - Level 10.3 Armour
 - Level 2.6 Shields
 - Level 4.5 Invocations
 + Level 5.6 Evocations


You had 11 spell levels left.
You didn't know any spells.
Your spell library contained the following spells:

 Spells                   Type           Power        Failure   Level
 Summon Small Mammal      Summ           #...         99%         1
 Call Imp                 Summ           #.......     100%        2
 Call Canine Familiar     Summ           #.......     100%        3
 Summon Guardian Golem    Hex/Summ       #.......     100%        3
 Summon Ice Beast         Ice/Summ       #.......     100%        4
 Summon Lightning Spire   Summ/Air       #.......     100%        4
 Irradiate                Conj/Tmut      #.........   100%        5
 Hydra Form               Tmut           #.........   100%        6
 Statue Form              Tmut/Erth      #........    100%        6
 Dragon Form              Tmut           #.........   100%        7


Dungeon Overview and Level Annotations

Branches:
Dungeon (11/15)            Temple (0/1) D:5            Lair (1/6) D:9
    Orc (0/2) D:11

Altars:
Ashenzari
Cheibriados
Dithmenos
Elyvilon
Gozag
Kikubaaqudgha
Makhleb
Okawaru
Ru
Sif Muna
Trog
Uskayaw
Wu Jian
Xom
Beogh

Shops:
D:7 *

Annotations:
D:9 1 runed translucent door
Lair:1 Sonja


Innate Abilities, Weirdness & Mutations

You have sharp fingernails.
You have a pair of horns on your head.
You have razor-sharp toenails.
When hurt, damage is shared between your health and your magic reserves.
You regenerate magic rapidly.


Message History

* * * LOW HITPOINT WARNING * * *
You sock the large abomination! Your kick misses the large abomination.
You headbutt the large abomination, but do no damage.
The large abomination is heavily damaged.
Your plate armour prevents you from hitting the large abomination.
You claw the large abomination, but do no damage.
The large abomination is heavily damaged.
The large abomination hits you but does no damage.
You fade into invisibility!
You are very lightly contaminated with residual magic.
Evoke which item? (* to show all) (? for menu, Esc to quit)
Aiming: Paralyse
Press: ? - help, Shift-Dir - straight line, f - large abomination
Aim: a large abomination (heavily damaged, chance to affect: 6%)
Okay, then.
You barely miss the large abomination.
You headbutt the large abomination, but do no damage.
The large abomination is heavily damaged.
The large abomination hits you!!
You die...

#...
.# #
##.# #
# . #[
. . #
. #. .
..#.#
##.#
.. . .
##.##.
# #..
#X####
. #@#
# ###
.


You could see a large abomination.

Vanquished Creatures
  A tentacled starspawn (Abyss:1)
  Josephine (D:10)
  Erica (D:10)
  3 two-headed ogres
  Urug (D:10)
  2 cyclopes (D:11)
  A dire elephant zombie (Abyss:1)
  A centaur zombie (D:11)
  Joseph (D:7)
  Maurice (D:10)
  A smoke demon (Abyss:1)
  A cane toad (Lair:1)
  A centaur skeleton (D:9)
  2 komodo dragons (Lair:1)
  2 ancient zymes (Abyss:1)
  2 trolls (D:11)
  4 wyverns
  5 wraiths
  Eustachio (D:7)
  8 yaks (D:9)
  2 basilisks
  2 steam dragons
  5 water moccasins
  7 orc warriors
  3 ice beasts
  3 phantoms
  4 sky beasts
  2 black bears
  4 necrophages
  2 small abominations (Abyss:1)
  2 centaurs
  7 ogres
  2 big kobolds
  Blork the orc (D:7)
  7 bullfrogs
  A gnoll sergeant (D:10)
  A water moccasin skeleton (D:9)
  3 scorpions
  7 killer bees
  19 wights
  4 howler monkeys
  4 human zombies (D:7)
  2 quasits
  3 bullfrog zombies
  8 hounds
  3 jellies
  7 orc priests
  A bullfrog skeleton (D:11)
  An iron imp (D:8)
  A human skeleton (D:7)
  4 iguanas
  8 orc wizards
  3 worker ants
  An ogre skeleton (D:7)
  2 hound zombies
  A hound skeleton (D:6)
  2 mummies (D:7)
  A worker ant zombie (D:9)
  4 gnolls (D:10)
  A howler monkey skeleton (D:8)
  9 adders
  A shadow imp (D:7)
  2 white imps (D:6)
  2 ufetubi
  An ooze (D:2)
  A worm (D:3)
  A dart slug (D:3)
  4 leopard geckos
  57 orcs
  2 bats (D:3)
  5 goblins
  8 hobgoblins
  2 jackals (D:1)
  5 quokkas
  A ball python (D:2)
  5 frilled lizards
  11 kobolds
  A leopard gecko skeleton (D:4)
  A leopard gecko zombie (D:7)
  An orc zombie (D:7)
  A quokka skeleton (D:6)
  6 rats
312 creatures vanquished.

Vanquished Creatures (collateral kills)
  A howler monkey zombie (D:11)
1 creature vanquished.

Vanquished Creatures (others)
  A jelly (Abyss:1)
  An orc (D:10)
  3 bushes (D:9)
  2 fungi (D:9)
  19 plants
  2 starspawn tentacles (Abyss:1)
28 creatures vanquished.

Grand Total: 341 creatures vanquished

Notes
Turn   | Place    | Note
-------+----------+-------------------------------------------
     0 | D:1      | dolemite99 the Demonspawn Fighter began the quest for the
                  | Orb.
     0 | D:1      | Reached XP level 1. HP: 18/18 MP: 1/1
    16 | D:1      | Reached skill level 2 in Maces & Flails
   669 | D:2      | Gained mutation: When hurt, damage is shared between your
                  | health and your magic reserves. [demonic ancestry]
   669 | D:2      | Reached XP level 2. HP: 23/24 MP: 2/2
   768 | D:2      | Found a burning altar of Makhleb.
   776 | D:2      | Reached skill level 3 in Maces & Flails
   776 | D:2      | Gained mutation: You have a pair of small horns on your
                  | head. [demonic ancestry]
   776 | D:2      | Reached XP level 3. HP: 24/29 MP: 3/3
   931 | D:2      | Became a worshipper of Makhleb the Destroyer
  1650 | D:2      | You fall into a shaft and drop 2 floors!
  1662 | D:4      | Reached skill level 4 in Maces & Flails
  1662 | D:4      | Gained mutation: You have sharp toenails. [demonic
                  | ancestry]
  1662 | D:4      | Reached XP level 4. HP: 28/35 MP: 2/4
  2112 | D:4      | Noticed a phantom
  2167 | D:4      | Killed a phantom
  2168 | D:4      | Reached skill level 5 in Maces & Flails
  2168 | D:4      | Gained mutation: You have a pair of horns on your head.
                  | [demonic ancestry]
  2168 | D:4      | Reached XP level 5. HP: 19/41 MP: 1/5
  2443 | D:4      | Noticed an ogre
  2456 | D:4      | Killed an ogre
  2457 | D:4      | Gained mutation: You have sharp fingernails. [demonic
                  | ancestry]
  2457 | D:4      | Reached XP level 6. HP: 31/47 MP: 3/6
  2708 | D:4      | Reached skill level 6 in Maces & Flails
  3863 | D:3      | Reached * piety under Makhleb
  4331 | D:5      | Entered Level 5 of the Dungeon
  4383 | D:5      | Found a staircase to the Ecumenical Temple.
  4495 | D:5      | Noticed an ice beast
  4506 | D:5      | Killed an ice beast
  4507 | D:5      | Reached skill level 7 in Maces & Flails
  4507 | D:5      | Gained mutation: You regenerate magic rapidly. [demonic
                  | ancestry]
  4507 | D:5      | Reached XP level 7. HP: 52/52 MP: 7/7
  4613 | D:5      | Found a hide-covered altar of Uskayaw.
  4746 | D:5      | Found a shadowy altar of Dithmenos.
  4928 | D:6      | Found a shimmering blue altar of Sif Muna.
  4981 | D:6      | Reached skill level 8 in Maces & Flails
  5546 | D:6      | Reached XP level 8. HP: 21/58 MP: 3/8
  6150 | D:6      | Found an iron altar of Okawaru.
  6377 | D:6      | Reached ** piety under Makhleb
  6378 | D:6      | Reached skill level 5 in Fighting
  6635 | D:7      | Noticed Eustachio
  6694 | D:7      | Killed Eustachio
  6734 | D:7      | Noticed Blork the orc
  6748 | D:7      | Killed Blork the orc
  6791 | D:7      | Found Zeerraoq's Assorted Antiques.
  6795 | D:7      | Got a smoking chain mail
  6810 | D:7      | Reached skill level 5 in Armour
  6932 | D:7      | Bought a scroll labelled HAISME GA XIEPN for 28 gold pieces
  6932 | D:7      | Bought a scroll labelled KIMAFR JEIP for 28 gold pieces
  6932 | D:7      | Bought a scroll labelled ICUGOT SUOCYGA for 28 gold pieces
  6932 | D:7      | Bought a scroll labelled ICUGOT SUOCYGA for 28 gold pieces
  6957 | D:7      | Identified the +0 chain mail of Death's Door {rElec SInv}
                  | (You found it on level 7 of the Dungeon)
  7078 | D:7      | Reached XP level 9. HP: 68/68 MP: 7/9
  7155 | D:7      | Found an ancient bone altar of Kikubaaqudgha.
  7356 | D:7      | Reached *** piety under Makhleb
  8081 | D:7      | Found a white marble altar of Elyvilon.
  8183 | D:7      | Noticed Joseph
  8198 | D:7      | Killed Joseph
  9231 | D:7      | Found an opulent altar of Gozag.
  9685 | D:8      | Noticed a two-headed ogre
  9733 | D:8      | Killed a two-headed ogre
  9734 | D:8      | Gained mutation: You have razor-sharp toenails. [demonic
                  | ancestry]
  9734 | D:8      | Reached XP level 10. HP: 62/74 MP: 8/10
 10003 | D:8      | Noticed a two-headed ogre
 10018 | D:8      | Killed a two-headed ogre
 10528 | D:8      | Found a snail-covered altar of Cheibriados.
 10814 | D:8      | Found a shimmering altar of Xom.
 10814 | D:8      | Found a bloodstained altar of Trog.
 10814 | D:8      | Found a broken altar of Ashenzari.
 11154 | D:9      | Found a broken altar of Ashenzari.
 11236 | D:9      | Found a sacrificial altar of Ru.
 11394 | D:9      | Reached skill level 9 in Maces & Flails
 11400 | D:9      | Reached **** piety under Makhleb
 11424 | D:9      | Reached skill level 10 in Maces & Flails
 11479 | D:9      | Found a staircase to the Lair.
 11495 | D:9      | Reached XP level 11. HP: 77/85 MP: 11/11
 11906 | D:9      | Found a runed translucent door.
 11977 | D:9      | Found an ornate altar of the Wu Jian Council.
 12174 | D:10     | Entered Level 10 of the Dungeon
 12263 | D:10     | Noticed Josephine
 12268 | D:10     | Reached skill level 11 in Maces & Flails
 12280 | D:10     | Noticed Erica
 12442 | D:10     | Killed Erica
 12443 | D:10     | Reached ***** piety under Makhleb
 12716 | D:10     | Noticed Urug
 12737 | D:10     | Killed Urug
 13395 | D:10     | Reached skill level 1 in Bows
 13462 | D:10     | Found a roughly hewn altar of Beogh.
 13552 | D:10     | Noticed Maurice
 13562 | D:10     | Killed Maurice
 15782 | D:11     | Reached skill level 5 in Bows
 16301 | D:11     | Noticed a two-headed ogre
 16310 | D:11     | Killed a two-headed ogre
 16562 | D:11     | Found a staircase to the Orcish Mines.
 16771 | D:11     | Reached skill level 1 in Invocations
 17032 | D:10     | Killed Josephine
 17033 | D:10     | Reached XP level 12. HP: 93/93 MP: 11/14
 17057 | D:10     | Reached ****** piety under Makhleb
 17219 | D:7      | Bought a scroll of blinking for 210 gold pieces
 17219 | D:7      | Bought a scroll of teleportation for 84 gold pieces
 17219 | D:7      | Bought a lumpy amethyst potion for 25 gold pieces
 17245 | D:7      | Bought a scroll of teleportation for 84 gold pieces
 17245 | D:7      | Bought a scroll of enchant armour for 210 gold pieces
 17386 | Lair:1   | Entered Level 1 of the Lair of Beasts
 17473 | Lair:1   | Reached skill level 10 in Armour
 17679 | Lair:1   | Noticed Sonja
 17691 | Lair:1   | Cast into level 1 of the Abyss (Sonja)
 17721 | Abyss:1  | Noticed a tentacled starspawn
 17742 | Abyss:1  | Killed a tentacled starspawn
 17767 | Abyss:1  | Noticed a brown very ugly thing
 17771 | Abyss:1  | Noticed a brown very ugly thing
 17771 | Abyss:1  | Noticed a white very ugly thing
 17775 | Abyss:1  | Noticed a brown very ugly thing
 17776 | Abyss:1  | Noticed a brown very ugly thing
 17837 | Abyss:1  | Found a stormy altar of Qazlal.
 17856 | Abyss:1  | Found a stormy altar of Qazlal.
 17965 | Abyss:1  | Reached skill level 5 in Evocations
 17988 | Abyss:1  | Noticed a starcursed mass
 18210 | Abyss:1  | Slain by a large abomination

Illustrated notes

Levels and vault maps discovered:
D:1:      saegor_arrival_miasma, layout_basic, minmay_pentomino_v2
D:2:      layout_loops_ring, makhleb_blood_cavern_becter
D:3:      layout_basic
D:4:      layout_basic, kennysheep_generic_room_4
D:5:      layout_rooms, marbit_many_paths, overflow_temple_1_default,
          minmay_temple_entry_arrows
D:6:      layout_basic, lemuel_crystal_altar, general_overflow_altar
D:7:      layout_loops_corners, nicolae_overflow_crystal_walls,
          nicolae_gozag_cash_rules_everything_around_me,
          lemuel_mausoleum_altar_kikubaaqudgha, serial_shops,
          nicolae_shop_waterfront, sword_in_stone, uniq_joseph
D:8:      layout_rooms, minitemple, slow_altar_2
D:9:      gammafunk_indiana_jones, layout_loops_cross,
          nicolae_overflow_hidden_temple, nicolae_ru_great_annihilating_truth,
          minmay_lair_entry_grove, evilmike_ruin_ashenzari
D:10:     layout_long_grid, special_room [special_room_orc], uniq_josephine,
          uniq_urug, uniq_maurice, uniq_erica
D:11:     layout_small_grid, orc_0_dummy
Lair:1:   layout_layer_cave, ebering_ghost_funeral_grove, uniq_sonja
Abyss:1:  base: D:15, hangedman_illusive_loot

Skill      XL: |  1  2  3  4  5  6  7  8  9 10 11 12 |
---------------+-------------------------------------+-----
Maces & Flails | 2 3 4 5 7 8 10 11 | 11.8
Fighting       | 5 8 |  8.3
Armour         | 5 9 10 | 10.3
Bows           | 6 |  6.6
Invocations    | 3 4 |  4.5
Evocations     | 5 |  5.6
Shields        | |  2.6

Action                   |  1- 3 |  4- 6 |  7- 9 | 10-12 || total
-------------------------+-------+-------+-------+-------++-------
Melee: Flail             |    58 |    91 |   314 |    33 ||   496
       Headbutt          |     3 |    15 |    68 |   104 ||   190
       Kick              |       |    21 |   106 |   141 ||   268
       Dire flail        |       |       |       |   411 ||   411
       Unarmed           |       |       |       |     8 ||     8
 Fire: Shortbow          |       |       |       |   275 ||   275
Throw: Dart              |    35 |    62 |   100 |    53 ||   250
Evoke: Wand              |       |       |       |     6 ||     6
  Use: Potion            |       |     1 |     5 |     2 ||     8
       Scroll            |       |       |     2 |    27 ||    29
Armor: Scale mail        |    30 |    33 |     6 |       ||    69
       Chain mail        |       |       |   176 |   327 ||   503
       Plate armour      |       |       |    41 |    51 ||    92
       Skin              |       |       |       |     2 ||     2
Dodge: Dodged            |    29 |    36 |   102 |   275 ||   442
Block: Kite shield       |     9 |       |       |       ||     9

Table legend: (Time is in decaauts)
 A = Elapsed time spent in this place.
 B = Non-inter-level travel time spent in this place.
 C = Inter-level travel time spent in this place.
 D = Time resting spent in this place.
 E = Time spent auto-exploring this place.
 F = Levels seen in this place.
 G = Mean time per level.
                   A        B        C        D        E       F      G
               +--------+--------+--------+--------+--------+-----+--------+
         Total |  18148 |  17087 |   1061 |   7369 |   6428 |  13 | 1396.0 |
       Dungeon |  17355 |  16294 |   1061 |   7173 |   6211 |  11 | 1577.7 |
          Lair |    297 |    297 |      0 |     12 |    200 |   1 |  297.0 |
         Abyss |    495 |    495 |      0 |    184 |     17 |   1 |  495.0 |
               +--------+--------+--------+--------+--------+-----+--------+

Top non-repeatable levels by time:
     D:7: 3204 daAuts
    D:11: 2484 daAuts
    D:10: 1883 daAuts
     D:4: 1819 daAuts
     D:8: 1688 daAuts
     D:6: 1312 daAuts
     D:9: 1210 daAuts
     D:2: 1130 daAuts
     D:5: 1086 daAuts
     D:3: 887 daAuts
     D:1: 646 daAuts
 Abyss:1: 495 daAuts
  Lair:1: 297 daAuts
